Map: Frozen Temple

Players

Fropez

  • Race: Protoss Protoss
  • League: Silver
  • Spawn Location: 11:00

Tower - Winner!

  • Race: Protoss Protoss
  • League: Silver
  • Spawn Location: 5:00

VOD

Have the link to the VOD?

Description

Time

  • Played on: June 7, 2016, 7:31 p.m.
  • Length: 7:16
Show
View Real Time Build Order
Export as new Build Order

Fropez Protoss 

Build Orders:  

Get SALT Encoding   

  12  0:01  Probe (Chrono Boost)  
  13  0:14  Pylon  
  13  0:19  Probe (Chrono Boost)  
  14  0:30  Probe (Chrono Boost)  
  15  0:37  Gateway  
  15  0:40  Probe (Chrono Boost)  
  16  0:48  Assimilator  
  16  0:51  Probe (Chrono Boost)  
  17  1:01  Probe (Chrono Boost)  
  18  1:06  Pylon  
  18  1:12  Probe (Chrono Boost)  
  19  1:23  Probe (Chrono Boost)  
  19  1:24  Cybernetics Core  
  20  1:27  Assimilator  
  20  1:33  Probe (Chrono Boost)  
  21  1:44  Probe (Chrono Boost)  
  22  1:54  Probe (Chrono Boost)  
  22  1:58  Gateway  
  22  2:01  Warp Gate (Chrono Boost)  
  23  2:05  Probe  
  23  2:07  Pylon  
  24  2:13  Stalker  
  26  2:18  Probe  
  27  2:27  Gateway  
  27  2:30  Probe  
  28  2:43  Stalker  
  30  2:45  Stalker  
  30  2:48  Probe  
  33  3:00  Pylon, Probe  
  34  3:06  Pylon  
  34  3:17  Probe  
  35  3:31  Probe  
  35  3:32  Forge  
  36  3:50  Adept  
  36  3:51  Adept x2  
  36  3:54  Probe  
  43  4:03  Nexus  
  43  4:06  Probe  
  44  4:10  Protoss Ground Weapons Level 1 (Chrono Boost)  
  44  4:24  Adept  
  44  4:25  Adept x2  
  51  4:45  Probe  
  51  4:51  Twilight Council  
  51  4:57  Probe, Robotics Facility  
  51  4:59  Pylon  
  52  5:12  Probe  
  53  5:15  Stalker x2  
  57  5:22  Stalker  
  57  5:27  Mothership Core  
  61  5:35  Probe  
  60  5:45  Stalker  
  56  5:53  Stalker x2  
  54  5:58  Assimilator  
  53  6:08  Probe  
  53  6:11  Probe  
  55  6:20  Probe  
  55  6:22  Assimilator  
  55  6:24  Assimilator  
  56  6:27  Probe  
  56  6:32  Pylon  
  57  6:39  Stalker x2  
  52  6:57  Stalker  
Show
View Real Time Build Order
Export as new Build Order

Tower Protoss - Winner!

Build Orders:  

Get SALT Encoding   

  12  0:01  Probe (Chrono Boost)  
  13  0:11  Probe (Chrono Boost)  
  14  0:22  Probe (Chrono Boost)  
  14  0:25  Pylon  
  15  0:46  Gateway  
  15  0:49  Forge  
  15  0:55  Probe (Chrono Boost)  
  16  1:03  Assimilator  
  16  1:06  Probe (Chrono Boost)  
  17  1:15  Assimilator  
  17  1:17  Probe (Chrono Boost)  
  18  1:25  Photon Cannon  
  18  1:32  Probe (Chrono Boost)  
  19  1:34  Pylon  
  19  1:42  Cybernetics Core  
  19  1:47  Probe (Chrono Boost)  
  20  1:57  Probe (Chrono Boost)  
  21  2:08  Probe (Chrono Boost)  
  22  2:18  Probe (Chrono Boost)  
  22  2:19  Stargate  
  23  2:38  Photon Cannon  
  23  2:39  Pylon  
  23  2:42  Probe (Chrono Boost)  
  24  2:47  Protoss Air Weapons Level 1  
  24  3:02  Void Ray (Chrono Boost)  
  28  3:27  Photon Cannon  
  28  3:39  Pylon  
  28  3:41  Void Ray (Chrono Boost)  
  32  3:50  Protoss Shields Level 1  
  32  4:02  Photon Cannon  
  32  4:09  Pylon  
  32  4:18  Void Ray (Chrono Boost)  
  36  4:56  Photon Cannon  
  36  4:59  Pylon, Void Ray (Chrono Boost)  
  40  5:03  Photon Cannon  
  40  5:55  Void Ray (Chrono Boost)  
  44  6:32  Void Ray (Chrono Boost)  
Tags
 
Matchup
PvP
Replay Pack
All Mines
Spawn Locations
Cross Positions
Add a new tag
Caveats
  • Supply blocks, unpowered buildings, or Contaminate may cause inaccurate times.
  • Supply counts are checked every 10 seconds.